 Dungeon Crawl Stone Soup version 0.32-a0-868-g153ae1a8d6 (webtiles) character file.

Game seed: 9206577809291027333

154 zenocrate the Sneak (level 5, -2/34 HPs)
             Began as an Octopode Earth Elementalist on Mar 28, 2024.
             Splashed by a jelly's acid (9 damage)
             ... on level 5 of the Dungeon.
             The game lasted 00:03:07 (2268 turns).

zenocrate the Sneak (Octopode Earth Elementalist)   Turns: 2268, Time: 00:03:07

Health: -2/34      AC: -1    Str:  8    XL:     5   Next: 35%
Magic:  8/8        EV: 12    Int: 22    God:
Gold:   151        SH:  0    Dex: 11    Spells: 4/8 levels left

rFire   . .          .
                       - Unarmed
rCold   . . .        (no shield)
rNeg    . . .        i - +2 hat
rPois   .            (no amulet)
rElec   .            (no ring)
rCorr   .            (no ring)
SInv    .            (no ring)
Will    .....        (no ring)
Stlth   +++          (no ring)
HPRegen 0.25/turn    (no ring)
MPRegen 0.11/turn    (no ring)
                     (no ring)

%: no passive effects
@: corroded
A: almost no armour, amphibious, 8 rings, camouflage 1, gelatinous body 1,
(nimble swimmer 1), tentacles, clever 1
a: no special abilities


You were on level 5 of the Dungeon.
You visited 1 branch of the dungeon, and saw 5 of its levels.

You collected 151 gold pieces.

Inventory:

Armour
 i - a +2 hat (worn)
Scrolls
 b - 2 scrolls of butterflies {unknown}
 g - a scroll of immolation {unknown}
 j - a scroll of noise {unknown}
 l - a scroll of identify {unknown}
 n - 2 scrolls of enchant weapon
 o - a scroll of blinking {unknown}
 p - a scroll of teleportation {unknown}
Potions
 a - a potion of magic
 c - a potion of attraction {unknown}
 e - a potion of invisibility {unknown}
 f - a potion of cancellation {unknown}
 h - a potion of curing {unknown}
 k - a potion of might {unknown}
 m - a potion of heal wounds {unknown}


   Skills:
 + Level 2.0 Fighting
 + Level 2.9 Dodging
 + Level 4.1 Stealth
 + Level 2.0 Unarmed Combat
 - Level 2.0 Spellcasting
 - Level 1.0 Conjurations
 + Level 3.6 Earth Magic


You had 4 spell levels left.
You knew the following spells:

 Your Spells              Type           Power      Damage    Failure   Level
a - Sandblast             Erth           36%        2d10      3%          1
b - Stone Arrow           Conj/Erth      24%        3d8       16%         3

Your spell library contained the following spells:

 Spells                   Type           Power      Damage    Failure   Level
 Passwall                 Erth           18%        N/A       10%         3
 Kiss of Death            Conj/Necr      16%        2d6       11%         1
 Confusing Touch          Hex            2%         N/A       38%         3
 Brom's Barrelling Bould  Conj/Erth      12%        2d4       45%         4
 Petrify                  Alch/Erth      10%        N/A       54%         4
 Dispel Undead            Necr           2%         3d7       80%         4


Dungeon Overview and Level Annotations

Branches:
Dungeon (6/15)
 Temple: D:4-7

Altars:
Xom
Yredelemnul

Shops:
D:2 (


Innate Abilities, Weirdness & Mutations

You cannot wear most types of armour.
You are amphibious.
You can wear up to eight rings at the same time.
Your skin changes colour to match your surroundings (Stealth+).
Your rubbery body absorbs attacks. (AC +1, EV +1)
((You are camouflaged when in or above water. (Stealth+)))
You have tentacles for arms and can constrict up to eight enemies at once.
Your mind is acute. (Int +4, Str/Dex -1)


Message History

As you read the scroll labelled DUTWYG RULOBOU, it crumbles to dust.
It is a scroll of enchant weapon.
You aren't carrying any weapons that can be enchanted.
Okay, then.
You feel extremely strange.
You no longer feel cold resistant.
You no longer become unable to read scrolls after taking damage.
You feel a little pissed off.
You feel vulnerable to heat.
You feel genetically stable.
You feel extremely strange.
You no longer feel vulnerable to heat.
You feel genetically unstable.
You feel stupid.
You feel stronger.
You feel extremely strange.
You feel clever.
You feel a little more calm.
You feel weaker.
You feel frail.
You feel weirdly uncertain.
One of your lower tentacles grows a sharp spike.
You feel extremely strange.
Your tentacle spike disappears.
You feel stable.
You feel robust.
One of your lower tentacles grows a sharp spike.
You feel frail. x2
You feel extremely strange.
Your tentacle spike disappears.
You feel robust. x2; You feel clever.
You feel robust.
You feel frail.
Okay, then.
You climb upwards.
The scorpion stings you. The jelly hits you.
You are splashed with acid!
The jelly barely misses you. The scorpion barely misses you.
There is a stone staircase leading down, spattered with blood here.
Unknown command.
Okay, then.
Okay, then.
The howler monkey howls!
The hound barks!
You hear an angry hiss.
The scorpion barely misses you.
The gnoll hits you from afar with a +0 spear.
The gnoll sergeant hits you with a +0 spear.
* * * LOW HITPOINT WARNING * * *
The jelly hits you.
* * * LOW HITPOINT WARNING * * *
The acid corrodes you!
You are splashed with acid!
You die...

.## #.. ..###..#
....#..# ......
#.... #...#
##...##
###..@J.##
#...sgJ..#
#.....g.g..#
...h.####.......
.... #...... .[.
#..h.. .. #...#
# .?.. .#


You could see a gnoll sergeant, a scorpion, a howler monkey, a hound, 2 jellies
and 2 gnolls.

Vanquished Creatures
  2 orc priests (D:3)
  A gnoll (D:6)
  2 adders
  2 ribbon worms (D:3)
  5 orcs (D:3)
  3 bats
  4 endoplasms
  4 giant cockroaches
  8 goblins
  4 hobgoblins
  2 jackals (D:2)
  9 kobolds
  A quokka (D:1)
  3 ball pythons
  2 frilled lizards
  4 rats
56 creatures vanquished.

Notes
Turn   | Place    | Note
-------+----------+-------------------------------------------
     0 | D:1      | zenocrate the Octopode Earth Elementalist began the quest
                  | for the Orb.
     0 | D:1      | Reached XP level 1. HP: 11/11 MP: 3/3
   111 | D:1      | Reached skill level 3 in Stealth
   111 | D:1      | Reached XP level 2. HP: 14/18 MP: 5/5
   454 | D:1      | Reached skill level 1 in Unarmed Combat
   535 | D:2      | Reached XP level 3. HP: 22/22 MP: 6/6
   539 | D:2      | Learned a level 3 spell: Stone Arrow
   552 | D:2      | Reached skill level 1 in Fighting
   714 | D:2      | Found a basalt altar of Yredelemnul.
   720 | D:2      | Found Leqiod's Antique Weapon Boutique.
  1316 | D:3      | Found a shimmering altar of Xom.
  1358 | D:3      | Reached XP level 4. HP: 25/28 MP: 5/7
  1433 | D:3      | Reached skill level 4 in Stealth
  1435 | D:3      | Reached XP level 5. HP: 33/34 MP: 8/8
  1967 | D:3      | Found a faded altar of an unknown god.
  1978 | D:3      | You fall into a shaft and drop 3 floors!
  2061 | D:5      | Entered Level 5 of the Dungeon
  2071 | D:6      | Gained mutation: Your flesh is cold resistant. (rC+)
                  | [potion of mutation]
  2071 | D:6      | Gained mutation: You occasionally lose the ability to read
                  | scrolls when taking damage. [potion of mutation]
  2261 | D:6      | Lost mutation: Your flesh is cold resistant. (rC+) [potion
                  | of mutation]
  2261 | D:6      | Lost mutation: You occasionally lose the ability to read
                  | scrolls when taking damage. [potion of mutation]
  2261 | D:6      | Gained mutation: You sometimes lose your temper in combat.
                  | [potion of mutation]
  2261 | D:6      | Gained mutation: You are vulnerable to heat. (rF-) [potion
                  | of mutation]
  2261 | D:6      | Gained mutation: You are somewhat resistant to further
                  | mutation. [potion of mutation]
  2262 | D:6      | Lost mutation: You are vulnerable to heat. (rF-) [potion of
                  | mutation]
  2262 | D:6      | Lost mutation: You are somewhat resistant to further
                  | mutation. [potion of mutation]
  2262 | D:6      | Gained mutation: You are dopey. (Int -2) [potion of
                  | mutation]
  2262 | D:6      | Gained mutation: Your muscles are strong. (Str +4, Int/Dex
                  | -1) [potion of mutation]
  2263 | D:6      | Lost mutation: You are dopey. (Int -2) [potion of mutation]
  2263 | D:6      | Lost mutation: You sometimes lose your temper in combat.
                  | [potion of mutation]
  2263 | D:6      | Lost mutation: Your muscles are strong. (Str +4, Int/Dex
                  | -1) [potion of mutation]
  2263 | D:6      | Gained mutation: You are frail. (-10% HP) [potion of
                  | mutation]
  2263 | D:6      | Gained mutation: You are occasionally teleported next to
                  | monsters. [potion of mutation]
  2263 | D:6      | Gained mutation: One of your tentacles bears a spike.
                  | [potion of mutation]
  2264 | D:6      | Lost mutation: One of your tentacles bears a spike. [potion
                  | of mutation]
  2264 | D:6      | Lost mutation: You are occasionally teleported next to
                  | monsters. [potion of mutation]
  2264 | D:6      | Lost mutation: You are frail. (-10% HP) [potion of
                  | mutation]
  2264 | D:6      | Gained mutation: One of your tentacles bears a spike.
                  | [potion of mutation]
  2264 | D:6      | Gained mutation: You are frail. (-10% HP) [potion of
                  | mutation]
  2264 | D:6      | Gained mutation: You are very frail. (-20% HP) [potion of
                  | mutation]
  2265 | D:6      | Lost mutation: One of your tentacles bears a spike. [potion
                  | of mutation]
  2265 | D:6      | Lost mutation: You are very frail. (-20% HP) [potion of
                  | mutation]
  2265 | D:6      | Lost mutation: You are frail. (-10% HP) [potion of
                  | mutation]
  2265 | D:6      | Gained mutation: Your mind is acute. (Int +4, Str/Dex -1)
                  | [potion of mutation]
  2265 | D:6      | Gained mutation: You are robust. (+10% HP) [potion of
                  | mutation]
  2265 | D:6      | Lost mutation: You are robust. (+10% HP) [potion of
                  | mutation]
  2268 | D:5      | Splashed by a jelly's acid

Illustrated notes

Levels and vault maps discovered:
D:1:      dpeg_arrival_tiny_i, layout_rooms
D:2:      layout_loops_ring, basic_altar, serial_shops, shop
D:3:      minmay_spotlight, layout_loops_corners, xom_redecorated,
          shapermc_ecumenical_altar_venn
D:5:      layout_layer_cave, nicolae_vehumet_altar_sigil
D:6:      layout_basic

Skill      XL: |  1  2  3  4  5 |
---------------+----------------+-----
Stealth        | 3 4 |  4.1
Unarmed Combat | 1 2 |  2.0
Fighting       | 1 2 |  2.0
Dodging        | |  2.9
Spellcasting   | |  2.0
Conjurations   | |  1.0
Earth Magic    | |  3.6

Action                     |  1- 3 |  4- 6 || total
---------------------------+-------+-------++-------
  Melee: Unarmed           |    62 |    31 ||    93
         Constrict         |    20 |    11 ||    31
         Punch             |     6 |       ||     6
         Tentacles         |    14 |     7 ||    21
   Cast: Sandblast         |    18 |     5 ||    23
    Use: Potion            |       |     6 ||     6
         Scroll            |       |     1 ||     1
   Stab: Sleeping          |    10 |     3 ||    13
 Armour: Skin              |    23 |    18 ||    41
  Dodge: Dodged            |    42 |    19 ||    61

Table legend: (Time is in decaauts)
 A = Elapsed time spent in this place.
 B = Non-inter-level travel time spent in this place.
 C = Inter-level travel time spent in this place.
 D = Time resting spent in this place.
 E = Time spent auto-exploring this place.
 F = Levels seen in this place.
 G = Mean time per level.
                   A        B        C        D        E       F      G
               +--------+--------+--------+--------+--------+-----+--------+
         Total |   2277 |   2160 |    117 |      9 |   1743 |   5 |  455.4 |
       Dungeon |   2277 |   2160 |    117 |      9 |   1743 |   5 |  455.4 |
               +--------+--------+--------+--------+--------+-----+--------+

Top non-repeatable levels by time:
     D:2: 771 daAuts
     D:3: 689 daAuts
     D:1: 524 daAuts
     D:6: 281 daAuts
     D:5: 10 daAuts
